Map: Ruins of Endion

Players

capac - Winner!

  • Race: Terran Terran
  • League: Gold

A.I. 1 (Elite)

  • Race: Terran Terran

VOD

Have the link to the VOD?

Description

Time

  • Played on: May 15, 2016, 3:39 a.m.
  • Length: 20:41
Show
View Real Time Build Order
Export as new Build Order

capac Terran - Winner!

Build Orders: Reaper Expand, Bio Tank 

Get SALT Encoding   

  12  0:01  SCV  
  13  0:13  SCV  
  14  0:19  Supply Depot  
  14  0:25  SCV  
  15  0:40  SCV  
  16  0:43  Barracks  
  16  0:46  Refinery  
  16  0:52  SCV  
  17  1:04  SCV  
  18  1:16  SCV  
  19  1:29  Orbital Command  
  19  1:31  Reaper  
  20  1:42  Command Center  
  20  1:58  Supply Depot, SCV  
  21  2:03  Marine  
  22  2:16  Factory  
  22  2:19  Refinery  
  22  2:22  Marine  
  22  2:26  Barracks, SCV  
  24  2:41  SCV  
  25  2:46  Marine  
  26  2:57  SCV  
  27  3:03  Starport, Marine  
  27  3:04  Factory Tech Lab  
  28  3:08  Orbital Command  
  28  3:15  Bunker  
  28  3:20  SCV  
  28  3:21  Marine  
  30  3:31  Siege Tank  
  30  3:32  SCV  
  34  3:35  SCV  
  35  3:49  SCV  
  35  3:51  SCV  
  35  3:52  Medivac  
  35  3:54  Barracks Tech Lab  
  39  3:59  Marine  
  40  4:03  SCV  
  40  4:04  Barracks  
  44  4:10  Siege Tank  
  44  4:14  SCV  
  44  4:15  SCV  
  46  4:25  Starport Reactor  
  46  4:28  Supply Depot  
  46  4:42  Supply Depot  
  46  4:47  Command Center  
  46  4:49  Marine x2, SCV x2  
  50  4:55  Supply Depot  
  50  4:56  Barracks Reactor  
  50  5:01  Engineering Bay, SCV x2  
  50  5:05  Medivac, Stimpack  
  54  5:08  Refinery  
  54  5:10  Refinery  
  54  5:13  SCV x2  
  56  5:22  Marine  
  56  5:23  Marine  
  56  5:25  SCV  
  59  5:28  SCV  
  59  5:31  Missile Turret  
  59  5:32  Missile Turret  
  60  5:38  SCV  
  60  5:40  Marine  
  60  5:41  Marine  
  60  5:42  SCV  
  64  5:44  Missile Turret  
  64  5:45  Siege Tank  
  64  5:48  Marine x2  
  69  5:50  SCV  
  69  5:56  Engineering Bay  
  70  5:58  Terran Infantry Weapons Level 1  
  70  6:07  Armory  
  70  6:10  Supply Depot  
  70  6:12  SCV  
  70  6:13  Marine  
  72  6:23  Missile Turret  
  72  6:24  Barracks Reactor  
  72  6:25  Marine  
  72  6:26  Marine  
  74  6:34  Marine  
  74  6:38  Medivac  
  77  6:42  Terran Infantry Armor Level 1  
  77  6:43  Marine  
  77  6:44  Marine  
  79  6:47  Orbital Command  
  79  6:50  SCV  
  79  6:51  SCV  
  79  6:52  Marine  
  82  7:02  Siege Tank  
  82  7:07  SCV x2, Combat Shields  
  87  7:12  Medivac x2  
  87  7:15  SCV  
  92  7:19  SCV  
  93  7:31  Supply Depot  
  93  7:33  Supply Depot x2  
  93  7:52  Marine x3, Siege Tank, SCV x2  
  93  7:53  Supply Depot  
  93  7:54  Marine x2  
  93  7:56  Terran Infantry Weapons Level 2  
  94  8:11  Liberator x2  
  85  8:18  Marine x4  
  85  8:19  Marine  
  86  8:23  Barracks  
  86  8:25  Supply Depot  
  87  8:27  Siege Tank  
  87  8:31  SCV x2  
  87  8:32  SCV  
  99  8:35  Refinery  
  99  8:37  Refinery  
  99  8:39  Barracks  
  99  8:42  Barracks x2  
  99  8:43  SCV  
  99  8:44  Marine, SCV x2  
  99  8:45  Barracks, Marine x2  
  99  8:46  Marine x2  
  107  8:50  Supply Depot  
  107  8:57  Missile Turret  
  107  9:02  Marine  
  107  9:03  Siege Tank  
  107  9:05  Concussive Shells  
  107  9:08  Terran Infantry Armor Level 2  
  111  9:10  Terran Ship Weapons Level 1  
  111  9:14  Supply Depot, Barracks Reactor  
  111  9:27  Medivac x2  
  111  9:29  Barracks  
  115  9:32  Barracks Reactor x2  
  115  9:35  Siege Tank  
  115  9:37  Barracks Tech Lab  
  118  9:46  Factory  
  118  9:47  Barracks Reactor  
  118  9:50  Marine  
  118  9:51  Marine x6  
  125  10:00  Medivac x2  
  125  10:05  Supply Depot  
  125  10:06  Missile Turret  
  129  10:12  Marine  
  129  10:13  Marine x9  
  141  10:17  Marauder  
  141  10:18  Marauder  
  141  10:20  Siege Tank  
  146  10:26  Barracks Tech Lab  
  146  10:32  Starport, Terran Infantry Weapons Level 3  
  146  10:39  Missile Turret  
  121  10:51  Marine  
  121  10:52  Marine x7  
  121  10:53  Marine x2  
  124  11:07  Marine x4  
  124  11:08  Marine  
  124  11:10  Siege Tank  
  132  11:11  Medivac x2  
  136  11:22  Marine  
  136  11:23  Supply Depot, Marine x6  
  143  11:30  Liberator x2  
  143  11:33  Factory Tech Lab  
  143  11:38  Marine x4  
  151  11:40  Marauder x3  
  151  11:44  Command Center  
  153  11:50  Command Center  
  159  12:05  Siege Tank  
  159  12:06  Siege Tank  
  165  12:10  Supply Depot  
  165  12:23  Liberator  
  165  12:24  Liberator  
  165  12:33  Terran Infantry Armor Level 3  
  165  12:35  Terran Ship Weapons Level 2  
  165  12:37  Supply Depot  
  165  12:38  Siege Tank x2  
  165  12:43  Starport Reactor  
  177  12:46  Starport  
  177  13:06  Liberator x2  
  177  13:12  Building Armor  
  177  13:14  Planetary Fortress  
  177  13:16  Planetary Fortress  
  177  13:25  Liberator x2  
  183  13:35  Missile Turret  
  183  13:43  Marine x4  
  183  13:44  Marine x2  
  183  13:47  Marauder  
  197  13:51  Marauder  
  199  14:30  Liberator  
  199  14:31  Liberator x3  
  188  16:13  Marine x5  
  188  16:14  Marine x7  
  175  17:27  Marine  
  175  17:28  Marine x14  
  190  17:45  Marine  
  190  17:46  Marine x9  
Show
View Real Time Build Order
Export as new Build Order

A.I. 1 (Elite) Terran 

Build Orders: 1/1/1, MMM Bio, Banshee Rush 

Get SALT Encoding   

  12  0:00  SCV  
  13  0:13  SCV  
  14  0:20  Supply Depot  
  14  0:25  SCV  
  15  0:29  Refinery  
  15  0:42  SCV  
  16  0:48  Barracks  
  16  0:54  SCV  
  17  0:59  Refinery  
  17  1:06  SCV  
  18  1:18  SCV  
  19  1:35  Orbital Command  
  19  1:39  Factory, Marine  
  20  1:57  Marine  
  20  2:00  SCV  
  22  2:01  Supply Depot  
  22  2:24  Starport  
  22  2:26  SCV  
  22  2:27  Starport  
  23  2:38  SCV  
  24  2:44  Supply Depot  
  24  2:50  SCV  
  25  3:02  Starport Tech Lab  
  25  3:03  Starport Tech Lab  
  25  3:20  Banshee, SCV  
  25  3:21  Banshee  
  25  3:22  Cloaking Field  
  25  3:23  Marine  
  33  3:31  Supply Depot  
  33  3:32  SCV  
  34  3:41  Marine  
  34  3:44  SCV  
  36  3:57  SCV  
  36  3:59  Marine  
  36  4:01  Barracks, Factory Tech Lab  
  38  4:03  Banshee  
  41  4:17  Marine  
  41  4:22  Siege Tank  
  45  4:34  Command Center  
  45  4:35  Marine  
  46  4:43  Supply Depot  
  46  4:47  Marine  
  47  4:57  Barracks Tech Lab  
  47  5:05  Marine  
  48  5:09  Barracks  
  48  5:11  Supply Depot  
  48  5:15  Marine  
  48  5:16  Stimpack  
  49  5:24  Barracks Reactor  
  49  5:33  Marauder  
  51  5:38  Siege Tank  
  51  5:53  Refinery, SCV  
  51  5:55  Marauder  
  51  5:56  Marine  
  55  5:57  SCV  
  55  6:01  Marine  
  57  6:05  SCV  
  57  6:09  SCV  
  57  6:10  Siege Tank  
  62  6:14  Barracks Tech Lab  
  62  6:16  Marauder  
  62  6:17  SCV  
  65  6:21  SCV  
  66  6:29  SCV  
  67  6:33  SCV  
  67  6:37  Marauder  
  67  6:38  Marauder  
  67  6:39  Supply Depot  
  72  6:41  SCV  
  72  6:45  SCV  
  74  6:53  SCV  
  75  6:55  Combat Shields  
  75  6:57  Engineering Bay, SCV  
  75  6:59  Marauder  
  78  7:03  Supply Depot  
  78  7:05  SCV  
  79  7:10  Command Center  
  79  7:19  SCV  
  79  7:21  SCV  
  81  7:24  Terran Infantry Weapons Level 1  
  81  7:28  Marauder  
  83  7:31  SCV  
  83  7:32  Marauder  
  86  7:37  Supply Depot  
  86  7:38  SCV  
  86  7:41  Concussive Shells  
  86  7:44  SCV  
  88  7:48  Engineering Bay, Marine  
  88  7:51  Marine  
  90  7:55  Marauder  
  92  8:02  Marine  
  71  8:06  Marine  
  71  8:09  Marauder  
  71  8:13  Siege Tank  
  71  8:14  Terran Infantry Armor Level 1  
  71  8:16  Marine  
  71  8:19  Marine  
  72  8:20  Viking  
  72  8:24  Marine, SCV  
  77  8:28  SCV  
  77  8:30  Marauder, SCV  
  77  8:33  Marine  
  82  8:36  SCV  
  82  8:37  Marine  
  82  8:40  SCV  
  85  8:42  Marine, SCV  
  85  8:48  SCV  
  88  8:51  Viking, Marine  
  88  8:52  Marauder, SCV  
  88  8:54  SCV  
  88  8:55  Marine  
  95  9:00  SCV  
  97  9:04  Liberator, SCV  
  97  9:06  SCV  
  101  9:10  Marauder  
  101  9:12  SCV  
  101  9:16  SCV  
  103  9:18  Viking, SCV  
  103  9:20  Supply Depot  
  109  9:29  Command Center  
  109  9:31  Liberator  
  109  9:38  Marine  
  110  9:39  Marine  
  110  9:42  Marauder  
  113  9:46  Supply Depot  
  113  9:47  Liberator  
  113  9:49  Marine  
  117  9:54  Orbital Command  
  117  9:56  Marauder  
  117  9:57  Marine, Missile Turret  
  120  10:02  Missile Turret  
  120  10:04  Marauder  
  120  10:05  Missile Turret  
  125  10:09  Missile Turret  
  125  10:12  Supply Depot  
  125  10:14  Armory  
  125  10:17  Marauder  
  127  10:21  Orbital Command  
  127  10:27  Marine  
  127  10:28  Barracks  
  128  10:29  Marine  
  128  10:30  Marine  
  128  10:31  Medivac  
  132  10:37  Supply Depot  
  132  10:38  Marine  
  132  10:40  Siege Tank  
  132  10:42  SCV  
  134  10:43  SCV  
  134  10:44  SCV  
  134  10:46  Marine  
  134  10:47  SCV, Medivac  
  134  10:49  Marine  
  123  10:50  Marine  
  123  10:54  SCV  
  123  10:56  Marine  
  123  10:57  SCV x2  
  104  10:59  SCV  
  100  11:04  Terran Infantry Weapons Level 2, Marine  
  100  11:06  SCV  
  100  11:08  Marine  
  100  11:09  Marauder  
  102  11:11  SCV  
  102  11:12  Siege Tank  
  102  11:13  Viking  
  102  11:14  Marauder  
  110  11:19  Refinery  
  110  11:20  Refinery  
  110  11:26  Viking, Refinery  
  110  11:27  Refinery  
  110  11:30  Marauder  
  114  11:36  Marauder  
  114  11:37  Refinery  
  116  11:43  Viking  
  116  11:44  Siege Tank  
  121  11:53  Factory  
  121  12:00  Viking  
  123  12:12  Liberator  
  123  12:13  Viking  
  125  12:16  Siege Tank  
  128  12:26  Liberator, Missile Turret  
  128  12:36  Factory Tech Lab  
  131  12:38  Supply Depot  
  131  12:44  Factory  
  134  12:47  Infernal Pre-Igniter  
  134  12:48  Siege Tank  
  137  12:53  Command Center  
  137  12:54  Siege Tank  
  137  12:55  Liberator  
  140  12:58  Terran Vehicle Weapons Level 1  
  140  13:09  Liberator, Armory  
  140  13:16  Missile Turret  
  140  13:17  Marine x2  
  140  13:18  Marine x2  
  147  13:20  Supply Depot  
  147  13:21  Hellion  
  147  13:26  Hellion  
  154  13:28  Hellion  
  154  13:30  Terran Infantry Weapons Level 3  
  156  13:36  Missile Turret  
  156  13:42  Hellion  
  156  13:46  Planetary Fortress  
  156  13:47  Thor  
  156  13:48  Missile Turret  
  164  13:49  Hellion, Missile Turret  
  164  13:50  Missile Turret  
  164  13:52  Supply Depot  
  164  13:55  Raven  
  168  13:56  Terran Vehicle And Ship Armor Level 1  
  168  14:03  Hellion  
  168  14:07  Refinery  
  168  14:08  Raven  
  172  14:10  Hellion  
  174  14:21  Liberator  
  174  14:23  Missile Turret  
  174  14:24  Thor  
  174  14:25  Missile Turret  
  174  14:27  Missile Turret, Command Center  
  174  14:30  Refinery, Hellion  
  182  14:31  Factory Tech Lab  
  182  14:34  Liberator  
  182  14:35  Marauder, Marine x2  
  182  14:36  Marine x2  
  113  14:50  Hellion  
  113  14:51  Siege Tank  
  121  14:53  Marine x2  
  121  14:54  Marauder, Marine  
  121  14:57  Marauder  
  128  15:08  Hellion  
  128  15:11  Marine x3, Siege Tank  
  136  15:15  Marauder  
  136  15:18  Marine  
  136  15:21  Viking  
  141  15:24  Siege Tank  
  144  15:29  Marine x3, Siege Tank  
  144  15:34  Viking  
  152  15:35  Marine  
  152  15:36  Marine  
  152  15:41  SCV  
  152  15:42  SCV  
  154  15:44  Siege Tank  
  154  15:46  SCV, Missile Turret  
  154  15:47  Marine x3  
  127  15:51  Viking  
  127  15:53  Refinery, Marine, SCV x3  
  127  15:54  Marauder, SCV  
  127  15:56  Refinery, Hellion  
  104  15:58  SCV  
  104  16:01  Siege Tank  
  92  16:04  Viking  
  92  16:05  Marine x2, SCV x3  
  92  16:06  SCV  
  92  16:10  SCV  
  70  16:11  Marine  
  70  16:16  Marauder  
  70  16:17  SCV  
  70  16:18  SCV  
  74  16:19  SCV  
  74  16:21  Viking  
  74  16:22  Marine  
  74  16:23  Marine, SCV  
  69  16:29  Marauder, SCV  
  69  16:30  SCV  
  69  16:31  SCV  
  63  16:33  Siege Tank  
  63  16:35  SCV  
  63  16:37  Marine  
  62  16:40  Marine, Command Center  
  62  16:41  SCV  
  62  16:42  SCV  
  62  16:43  Marine  
  65  16:48  SCV  
  65  16:50  Command Center  
  65  16:51  Marauder, SCV  
  65  16:53  SCV  
  65  16:55  Marauder  
  65  16:58  Marine  
  58  17:01  Marine  
  58  17:02  SCV  
  58  17:05  Hellion  
  59  17:12  Marine  
  56  17:16  Marine  
  56  17:17  Command Center  
  45  17:26  Siege Tank  
  39  18:06  Command Center  
  39  18:10  Barracks  
  39  18:29  SCV  
  39  18:31  SCV  
  39  18:33  SCV  
  42  18:38  Supply Depot  
  41  18:57  Barracks Tech Lab, SCV  
  41  19:01  Factory  
  41  19:08  SCV  
  42  19:11  SCV  
  42  19:14  Marine  
  42  19:18  Barracks  
  42  19:20  SCV  
  42  19:27  Command Center  
  42  19:34  Marine  
  42  19:36  Supply Depot  
  41  19:40  SCV x2  
  32  19:51  SCV  
  16  20:16  Command Center  
Tags
 
Add a new tag
Caveats
  • Supply blocks, unpowered buildings, or Contaminate may cause inaccurate times.
  • Supply counts are checked every 10 seconds.